 Dungeon Crawl Stone Soup version 0.27.1-33-g824d729ab1 (webtiles) character file.

Game seed: 9089140909127760500

518 MisterFreud the Conjurer (level 7, -6/51 HPs)
             Began as a Gnoll Wanderer on Dec 22, 2021.
             Was an Elder of Cheibriados.
             Mangled by a gnoll (7 damage)
             ... on level 5 of the Dungeon.
             The game lasted 00:07:32 (5666 turns).

MisterFreud the Conjurer (Gnoll Wanderer)           Turns: 5666, Time: 00:07:32

Health: -6/51      AC:  2    Str: 21    XL:     7   Next: 21%
Magic:  7/12       EV: 13    Int: 24    God:    Cheibriados [****..]
Gold:   130        SH:  0    Dex: 18    Spells: 9/13 levels left

rFire    . . .     SeeInvis .   l - +0 dagger (holy)
rCold    . . .     Faith    .   (no shield)
rNeg     . . .     Spirit   .   c - +0 robe
rPois    .         Reflect  .   (no helmet)
rElec    .         Harm     .   (no cloak)
rCorr    .         Rampage  .   (no gloves)
Will     .....                  (no boots)
Stlth    +++.......             (no amulet)
HPRegen  0.17/turn              (no ring)
MPRegen  0.13/turn              (no ring)

@: brilliant, very slow
A: fangs 1, strong nose, distributed training
a: Renounce Religion, Bend Time, Temporal Distortion, Slouch


You were on level 5 of the Dungeon.
You worshipped Cheibriados.
Cheibriados was greatly pleased with you.
You visited 1 branch of the dungeon, and saw 5 of its levels.

You collected 130 gold pieces.

Inventory:

Hand Weapons
 a - a +0 club
 e - a +0 dagger
 l - a +0 dagger of holy wrath (weapon)
 v - a +3 spear
Missiles
 m - 14 poisoned darts (quivered)
 w - 5 boomerangs of dispersal
 x - 2 boomerangs
 y - 7 atropa-tipped darts
Armour
 c - a +0 robe (worn)
 d - a +0 kite shield
Jewellery
 k - a ring of fire
 q - a ring of wizardry
 r - an amulet of guardian spirit
Scrolls
 b - 2 scrolls of teleportation
 f - 2 scrolls of noise {unknown}
 h - a scroll of magic mapping {unknown}
 i - a scroll of holy word {unknown}
 n - a scroll of enchant weapon {unknown}
 p - 3 scrolls of identify {unknown}
Potions
 g - 2 potions of brilliance
 j - 2 potions of might {unknown}
 o - a potion of haste {unknown}
 s - a potion of cancellation {unknown}
 t - a potion of flight {unknown}
 u - a potion of heal wounds {unknown}
 z - a potion of magic {unknown}


   Skills:
 + Level 2.3 Fighting
 + Level 2.3 Short Blades
 + Level 2.3 Long Blades
 + Level 2.3 Axes
 + Level 2.3 Maces & Flails
 + Level 3.5 Polearms
 + Level 2.3 Staves
 + Level 2.3 Slings
 + Level 2.3 Bows
 + Level 2.3 Crossbows
 + Level 2.3 Throwing
 + Level 2.3 Armour
 + Level 2.3 Dodging
 + Level 4.8 Stealth
 + Level 3.5 Shields
 + Level 2.3 Unarmed Combat
 + Level 3.7 Spellcasting
 + Level 5.8 Conjurations
 + Level 2.9 Hexes
 + Level 1.9 Summonings
 + Level 1.9 Necromancy
 + Level 1.9 Translocations
 + Level 1.9 Transmutations
 + Level 1.9 Fire Magic
 + Level 1.9 Ice Magic
 + Level 1.9 Air Magic
 + Level 1.9 Earth Magic
 + Level 1.9 Poison Magic
 + Level 2.6 Invocations
 + Level 3.5 Evocations


You had 9 spell levels left.
You knew the following spells:

 Your Spells              Type           Power      Damage    Failure   Level
a - Searing Ray           Conj           96%        3d7       1%          2
b - Static Discharge      Conj/Air       34%        N/A       3%          2

Your spell library contained the following spells:

 Spells                   Type           Power      Damage    Failure   Level
 Ice Form                 Ice/Tmut       20%        N/A       41%         4
 Yara's Violent Unravell  Hex/Tmut       12%        3d7       71%         5
 Dragon Form              Tmut           10%        N/A       100%        7


Dungeon Overview and Level Annotations

Branches:
Dungeon (5/15)
 Temple: D:4-7

Altars:
Cheibriados


Innate Abilities, Weirdness & Mutations

You have very sharp teeth.
Your uncanny sense of smell can sniff out nearby items.
Your experience applies equally to all skills.


Message History

The gnoll closely misses you.
You climb upwards.
There is a stone staircase leading down here.
You start resting.
Magic restored.
You climb downwards.
There is a stone staircase leading up here.
Casting: Searing Ray (safe; 1% risk of failure)
Confirm with . or Enter, or press ? or * to list all spells.
Aiming: Searing Ray (safe; 1% risk of failure)
Press: ? - help, Shift-Dir - straight line, f - gnoll shaman
Aim: a gnoll shaman, wielding a +0 club and wearing a +0 leather armour (83% to hit)
The searing ray hits the gnoll shaman.
The gnoll shaman is moderately wounded. (Press . to maintain the ray.)
The gnoll hits you with a +0 club.
The searing ray hits the gnoll shaman!
The gnoll shaman is severely wounded.
The gnoll shaman barely misses you. The gnoll hits you with a +0 club!
The gnoll hits you from afar with a +0 halberd!
The searing ray hits the gnoll shaman.
The gnoll shaman is almost dead.
The gnoll shaman hits you with a +0 club!
* * * LOW HITPOINT WARNING * * *
The gnoll hits you with a +0 club.
* * * LOW HITPOINT WARNING * * *
The gnoll hits you from afar with a +0 halberd.
* * * LOW HITPOINT WARNING * * *
The searing ray hits the gnoll shaman!
You kill the gnoll shaman!
Cheibriados thoroughly appreciates the change of pace.
You finish channeling your searing ray.
The gnoll closely misses you.
The gnoll hits you from afar with a +0 halberd.
* * * LOW HITPOINT WARNING * * *
It was a potion of brilliance.
You feel clever all of a sudden. The gnoll hits you with a +0 club.
* * * LOW HITPOINT WARNING * * *
The gnoll hits you from afar with a +0 halberd!
You die...

....... ##.....
#..#.. . ....# ..
. #...# #... ...
#..##.....
.....###.........
........@.†.#
......#.g).##
..... #.#g.# ....
.....)# ...
..#......
.##...####..##
#.. ..# #.. #..


You could see 2 gnolls.

Vanquished Creatures
  A gnoll sergeant (D:5)
  A scorpion (D:5)
  2 howler monkeys (D:4)
  A jelly (D:4)
  A gnoll shaman (D:5)
  An orc priest (D:4)
  Jessica (D:2)
  An orc wizard (D:4)
  7 gnolls (D:5)
  4 adders
  An ufetubus (D:3)
  A worm (D:2)
  2 dart slugs (D:2)
  3 orcs (D:4)
  3 endoplasms
  8 goblins
  4 hobgoblins
  4 jackals (D:1)
  3 quokkas (D:4)
  6 ball pythons
  4 frilled lizards
  9 kobolds
  15 rats
83 creatures vanquished.

Notes
Turn   | Place    | Note
-------+----------+-------------------------------------------
     0 | D:1      | MisterFreud the Gnoll Wanderer began the quest for the Orb.
     0 | D:1      | MisterFreud set off with the following items: a +0 club, a
                  | scroll of teleportation, a +0 robe, a +0 kite shield, a +0
                  | dagger; and the following spells available to memorise:
                  | Searing Ray, Static Discharge
     0 | D:1      | Reached XP level 1. HP: 13/13 MP: 4/4
   221 | D:2      | Found a faded altar of an unknown god.
   451 | D:2      | Became a worshipper of Cheibriados the Contemplative
   451 | D:2      | Reached * piety under Cheibriados
  1028 | D:1      | Reached XP level 2. HP: 9/19 MP: 5/5
  1035 | D:1      | Learned a level 2 spell: Searing Ray
  1038 | D:1      | Learned a level 2 spell: Static Discharge
  1677 | D:2      | Reached XP level 3. HP: 25/25 MP: 4/7
  1715 | D:2      | Reached ** piety under Cheibriados
  2022 | D:2      | Noticed Jessica
  2029 | D:2      | Killed Jessica
  2030 | D:2      | Reached skill level 1 in Fighting
  2030 | D:2      | Reached skill level 1 in Short Blades
  2030 | D:2      | Reached skill level 1 in Long Blades
  2030 | D:2      | Reached skill level 1 in Axes
  2030 | D:2      | Reached skill level 1 in Maces & Flails
  2030 | D:2      | Reached skill level 1 in Staves
  2030 | D:2      | Reached skill level 1 in Slings
  2030 | D:2      | Reached skill level 1 in Bows
  2030 | D:2      | Reached skill level 1 in Crossbows
  2030 | D:2      | Reached skill level 1 in Throwing
  2030 | D:2      | Reached skill level 1 in Armour
  2030 | D:2      | Reached skill level 1 in Dodging
  2030 | D:2      | Reached skill level 1 in Unarmed Combat
  2030 | D:2      | Reached skill level 1 in Invocations
  2030 | D:2      | Reached XP level 4. HP: 32/32 MP: 5/8
  2688 | D:3      | Got the Grimoire of Transformation
  3353 | D:3      | Reached skill level 1 in Summonings
  3353 | D:3      | Reached skill level 1 in Necromancy
  3353 | D:3      | Reached skill level 1 in Translocations
  3353 | D:3      | Reached skill level 1 in Transmutations
  3353 | D:3      | Reached skill level 1 in Fire Magic
  3353 | D:3      | Reached skill level 1 in Ice Magic
  3353 | D:3      | Reached skill level 1 in Air Magic
  3353 | D:3      | Reached skill level 1 in Earth Magic
  3353 | D:3      | Reached skill level 1 in Poison Magic
  3878 | D:4      | Reached XP level 5. HP: 32/37 MP: 4/9
  3943 | D:4      | Reached *** piety under Cheibriados
  4719 | D:4      | Reached XP level 6. HP: 34/44 MP: 2/11
  5347 | D:5      | Entered Level 5 of the Dungeon
  5389 | D:5      | Noticed an ice beast
  5540 | D:5      | Reached **** piety under Cheibriados
  5541 | D:5      | Reached XP level 7. HP: 50/50 MP: 7/12
  5666 | D:5      | HP: 1/51 [gnoll (4)]
  5666 | D:5      | Mangled by a gnoll

Illustrated notes

Levels and vault maps discovered:
D:1:      dpeg_arrival_houses_and_road, layout_basic,
          hangedman_decor_peaks_small
D:2:      layout_basic, basic_ecumenical_altar, minmay_rat_gold_closets,
          uniq_jessica
D:3:      layout_loops_corners
D:4:      kennysheep_spiral_hall, layout_loops_corners
D:5:      layout_cave_pools, uniq_ijyb

Skill      XL: |  1  2  3  4  5  6 |
---------------+-------------------+-----
Hexes          | 2 |  2.9
Fighting       | 1 2 |  2.3
Short Blades   | 1 2 |  2.3
Long Blades    | 1 2 |  2.3
Axes           | 1 2 |  2.3
Maces & Flails | 1 2 |  2.3
Staves         | 1 2 |  2.3
Slings         | 1 2 |  2.3
Bows           | 1 2 |  2.3
Crossbows      | 1 2 |  2.3
Throwing       | 1 2 |  2.3
Armour         | 1 2 |  2.3
Dodging        | 1 2 |  2.3
Unarmed Combat | 1 2 |  2.3
Invocations    | 1 2 |  2.6
Spellcasting   | 3 |  3.7
Summonings     | 1 |  1.9
Necromancy     | 1 |  1.9
Translocations | 1 |  1.9
Transmutations | 1 |  1.9
Fire Magic     | 1 |  1.9
Ice Magic      | 1 |  1.9
Air Magic      | 1 |  1.9
Earth Magic    | 1 |  1.9
Poison Magic   | 1 |  1.9
Polearms       | 3 |  3.5
Shields        | 3 |  3.5
Evocations     | 3 |  3.5
Stealth        | |  4.8
Conjurations   | |  5.8

Action                   |  1- 3 |  4- 6 |  7- 9 || total
-------------------------+-------+-------+-------++-------
Melee: Club              |    31 |       |       ||    31
       Bite              |     3 |     3 |       ||     6
       Dagger            |       |    18 |       ||    18
 Cast: Searing Ray       |    19 |    44 |     4 ||    67
  Use: Potion            |       |       |     1 ||     1
 Stab: Sleeping          |     2 |     2 |       ||     4
Armor: Robe              |     8 |     4 |       ||    12
Dodge: Dodged            |    24 |    26 |     4 ||    54
